 Dungeon Crawl Stone Soup version 0.30-a0-404-g0b3c3f4973 (webtiles) character file.

Game seed: 13247293790666666746

99 MackTheKnife the Digger (level 4, -2/27 HPs)
             Began as an Octopode Earth Elementalist on Dec 7, 2022.
             Slain by an orc
             ... wielding a +0 falchion
              (4 damage)
             ... on level 3 of the Dungeon.
             The game lasted 00:04:40 (2246 turns).

MackTheKnife the Digger (OpEE)                      Turns: 2246, Time: 00:04:41

Health: -2/27      AC:  1    Str:  7    XL:     4   Next: 72%
Magic:  1/7        EV: 17    Int: 19    God:
Gold:   211        SH:  0    Dex: 12    Spells: 4/8 levels left

rFire   . . .      SeeInvis .    f - +0 dagger {short}
rCold   . . .      Faith    .    (no shield)
rNeg    . . .      Spirit   .    (helmet restricted)
rPois   .          Reflect  .    (no amulet)
rElec   .          Harm     .    r - +4 ring of evasion
rCorr   .          Rampage  .    (no ring)
Will    .....                    (no ring)
Stlth   +++.......               (no ring)
HPRegen 0.24/turn                (no ring)
MPRegen 0.10/turn                (no ring)
                                 (no ring)
                                 (no ring)

@: no status effects
A: almost no armour, amphibious, 8 rings, camouflage 1, gelatinous body 1,
(nimble swimmer 1), tentacles
a: no special abilities


You were on level 3 of the Dungeon.
You visited 1 branch of the dungeon, and saw 3 of its levels.

You collected 211 gold pieces.


Innate Abilities, Weirdness & Mutations

You cannot wear most types of armour.
You are amphibious.
You can wear up to eight rings at the same time.
Your skin changes colour to match your surroundings (Stealth+).
Your rubbery body absorbs attacks. (AC +1, EV +1)
((You are camouflaged when in or above water. (Stealth+)))
You have tentacles for arms and can constrict up to eight enemies at once.


   Skills:
 - Level 2.0 Dodging
 - Level 2.6 Stealth
 - Level 2.6 Spellcasting
 + Level 2.0 Conjurations
 - Level 1.0 Transmutations
 + Level 4.3 Earth Magic


You had 4 spell levels left.
You knew the following spells:

 Your Spells              Type           Power      Damage    Failure   Level
a - Sandblast             Erth           36%        2d10      2%          1
b - Stone Arrow           Conj/Erth      28%        3d8       13%         3

Your spell library contained the following spells:

 Spells                   Type           Power      Damage    Failure   Level
 Passwall                 Tmut/Erth      10%        N/A       9%          2
 Momentum Strike          Conj/Tloc      12%        3d8       16%         2
 Blink                    Tloc           4%         N/A       24%         2
 Lesser Beckoning         Tloc           4%         N/A       43%         3
 Petrify                  Tmut/Erth      12%        N/A       47%         4

Inventory:

Hand Weapons
 e - a +0 club {mace}
   (You took it off a goblin on level 1 of the Dungeon)
 f - a +0 dagger (weapon) {short}
   (You took it off a goblin on level 1 of the Dungeon)
 q - a +2 short sword of distortion {!wshort}
   (You found it on level 3 of the Dungeon)
Jewellery
 r - a +4 ring of evasion (left tentacle)
   (You found it on level 3 of the Dungeon)
Scrolls
 d - 6 scrolls of identify {unknown}
 g - a scroll of amnesia {unknown}
 i - 2 scrolls of teleportation {unknown}
 k - 2 scrolls of butterflies {unknown}
 m - a scroll of brand weapon {unknown}
 n - a scroll of blinking {unknown}
 o - a scroll of noise {unknown}
Potions
 a - a potion of magic
 b - a potion of mutation {unknown}
 c - a potion of curing {unknown}
 h - 2 potions of lignification {unknown}
 j - a potion of flight {unknown}
 l - a potion of attraction {unknown}
 p - a potion of haste {unknown}

Dungeon Overview and Level Annotations

Branches:
Dungeon (3/15) Zot: 15715

Altars:
Kikubaaqudgha

Shops:
D:3 ?=:

Portals:
Sewer: D:3

Annotations:
D:3 2 runed translucent doors, Xtruder99's ghost, amateur OpTm

.....#.#..~..##.'.........#
.....#..⌠~#..##.#.........#
.....##~.≈.~.~###.........#
.....####++### #....######
.....).......# #####....#
.....#.......# #.....##....
######.#...### #.....# ###
#.#.#######.o...#..
#..........@o...'..
####..######S...#.. #..#
~~~#....# #..#~~~~#....#
#..#r~∩~#.#.##
#..#r~~~'.#.# #..#~~~~#.. #
#..######.# #....))g..#


You could see an orc priest, an orc and a ball python.


Message History

You lost 1 mp, and now have 0/7 mp.
Things that are here:
a +0 flail {mace}; an orc corpse 😎 MP[+1]
The blast of sand hits the gnoll!
The gnoll closely misses you. 😎 MP[-1]
You lost 1 mp, and now have 0/7 mp.
The gnoll closely misses you.
You hit the gnoll. You grab the gnoll. You squeeze the gnoll.
You kill the gnoll!
Your Conjurations skill increases to level 2! 😎 MP[+1]
Things that are here:
a +0 spear {polearm}; a gnoll corpse
Things that are here:
a +0 flail {mace}; an orc corpse 😎 MP[+1]
There is an open door here.
Things that are here:
a +0 spear {polearm}; a gnoll corpse 😎 MP[+1]
The rat misses you.
You barely miss the rat. Your grab misses the rat. The rat barely misses you.
You hit the rat.
You kill the rat!
You hear the quick rusting of a drain. 😎 MP[+1]
The blast of sand hits the orc priest but does no damage.
The orc priest shouts!
The ball python hisses angrily. 😎 MP[-1]
You lost 1 mp, and now have 3/7 mp.
The blast of sand misses the orc priest. 😎 MP[-1]
You lost 1 mp, and now have 2/7 mp.
The blast of sand misses the orc priest.
The orc priest barely misses you. The ball python barely misses you.
The ball python completely misses you.
The orc priest barely misses you. 😎 MP[-1]
You lost 1 mp, and now have 1/7 mp.
The blast of sand hits the orc priest but does no damage.
The ball python closely misses you. The ball python misses you.
The orc priest hits you with a +0 flail!
The ball python barely misses you.
The ball python misses you. 😮 HP[-10] MP[-1]
You take 10 damage, and now have 17/27 hp.
MASSIVE DAMAGE!! (PAUSE)
You lost 1 mp, and now have 0/7 mp.
You hit the orc priest but do no damage.
Your grab misses the orc priest. The orc priest closely misses you.
The ball python misses you. The ball python closely misses you.
An orc comes into view. It is wielding a +0 falchion.
The orc shouts!
You hit the orc priest but do no damage.
Your grab misses the orc priest. The ball python barely misses you.
The ball python closely misses you.
The orc priest misses you. 😮 HP[+1] Unknown command.
Unknown command.
You closely miss the orc priest. Your grab misses the orc priest.
The ball python misses you. The ball python barely misses you.
The orc priest barely misses you.
Unknown command.
You hit the orc priest but do no damage.
You grab the orc priest. You squeeze the orc priest.
You constrict the orc priest. The ball python bites you.
The ball python closely misses you. The orc priest closely misses you.
The ball python closely misses you.
The ball python barely misses you. 😮 HP[-2] MP[+1]
You take 2 damage, and now have 16/27 hp.
Unknown command.
You hit the orc priest but do no damage.
You constrict the orc priest, but do no damage.
The orc priest hits you with a +0 flail!
* * * LOW HITPOINT WARNING * * *
The ball python barely misses you.
The ball python completely misses you. 😨 HP[-8]
You take 8 damage, and now have 8/27 hp.
MASSIVE DAMAGE!! (PAUSE)
You hit the orc priest but do no damage.
You constrict the orc priest, but do no damage.
The orc priest miscasts a cantrip.
The ball python closely misses you.
The ball python misses you. 😨 HP[+1] Unknown command.
You hit the orc priest but do no damage.
You squeeze the orc priest, but do no damage.
You constrict the orc priest, but do no damage.
The orc priest hits you with a +0 flail.
* * * LOW HITPOINT WARNING * * *
The ball python barely misses you. The ball python misses you. 😱 HP[-6]
You take 6 damage, and now have 3/27 hp.
MASSIVE DAMAGE!! (PAUSE)
You hit the orc priest but do no damage.
You constrict the orc priest, but do no damage.
The ball python bites you.
* * * LOW HITPOINT WARNING * * *
The ball python misses you. The orc priest barely misses you.
The orc hits you with a +0 falchion.
You die...

Skill      XL: |  1  2  3  4 |
---------------+-------------+-----
Conjurations   | 1 2 |  2.0
Earth Magic    | 4 |  4.3
Dodging        | |  2.0
Stealth        | |  2.6
Spellcasting   | |  2.6
Transmutations | |  1.0

Action                   |  1- 3 |  4- 6 || total
-------------------------+-------+-------++-------
Melee: Unarmed           |     6 |       ||     6
       Constrict         |     6 |     2 ||     8
       Dagger            |     6 |    13 ||    19
       Tentacles         |     2 |     3 ||     5
 Cast: Sandblast         |    61 |    17 ||    78
 Stab: Sleeping          |       |     1 ||     1
Armor: Skin              |     8 |     1 ||     9
Dodge: Dodged            |    22 |    35 ||    57

Levels and vault maps discovered:
D:1:      nagdon_arrival_double_spiral, layout_rooms, due_unseen_surprise
D:2:      kennysheep_six_static_rooms, layout_loops_ring,
          chequers_ecumenical_altar_grove, basic_altar
D:3:      layout_basic, serial_shops, nicolae_shop_waterfront,
          nicolae_shop_crystal, shop, nicolae_square_shop, shop,
          ebering_ghost_disaster_area, portal_sewer_entry_c

Notes
Turn   | Place    | Note
-------+----------+-------------------------------------------
     0 | D:1      | MackTheKnife the Octopode Earth Elementalist began the
                  | quest for the Orb.
     0 | D:1      | Reached XP level 1. HP: 11/11 MP: 3/3
     0 | D:1      | magus.rc [v1.9.6]
   116 | D:1      | Reached XP level 2. HP: 17/17 MP: 1/5
   596 | D:1      | Reached XP level 3. HP: 21/21 MP: 3/6
   600 | D:1      | Learned a level 3 spell: Stone Arrow
   963 | D:2      | Found an ancient bone altar of Kikubaaqudgha.
  1080 | D:2      | You pick up a book of Spatial Translocations and begin
                  | reading...
  1080 | D:2      | You add the spells Blink, Momentum Strike and Lesser
                  | Beckoning to your library.
  1448 | D:2      | Reached skill level 1 in Conjurations
  1714 | D:2      | Found a faded altar of an unknown god.
  1870 | D:3      | Found Keunim's Magic Scroll Shop.
  1946 | D:3      | Found Raenus's Book Shoppe.
  2027 | D:3      | Found Coostrayrgh's Jewellery Boutique.
  2028 | D:3      | You pick up a book of Spatial Translocations and begin
                  | reading...
  2093 | D:3      | Reached skill level 4 in Earth Magic
  2093 | D:3      | Reached XP level 4. HP: 27/27 MP: 4/7
  2142 | D:3      | Found a large runed translucent door.
  2142 | D:3      | Found a large runed translucent door.
  2144 | D:3      | Noticed Xtruder99's ghost (amateur OpTm)
  2154 | D:3      | Found a glowing drain.
  2205 | D:3      | Reached skill level 2 in Conjurations
  2245 | D:3      | HP: 3/27 [orc priest/+0 flail (6)]
  2246 | D:3      | Slain by an orc

Vanquished Creatures
  3 gnolls (D:3)
  An adder (D:3)
  A worm (D:2)
  3 orcs (D:3)
  3 endoplasms
  2 giant cockroaches
  6 goblins
  8 hobgoblins
  3 quokkas
  9 ball pythons
  4 bats
  A frilled lizard (D:2)
  5 kobolds
  5 rats
54 creatures vanquished.

Table legend:
 A = Non-vault XP
 B = Vault XP
 C = Vault XP percentage of total XP
 D = Non-vault monster count
 E = Vault monster count
 F = Vault count percentage of total count
                 A         B        C        D         E       F
            +---------+---------+-------+---------+---------+-------
      Total |     128 |      14 |   9.9 |      47 |       7 |  13.0
            +---------+---------+-------+---------+---------+-------
        D:1 |      40 |       0 |   0.0 |      25 |       0 |   0.0
        D:2 |      16 |      13 |  44.8 |       9 |       6 |  40.0
        D:3 |      72 |       1 |   1.4 |      13 |       1 |   7.1
            +---------+---------+-------+---------+---------+-------

Illustrated notes

Table legend:
 A = Kills in this place as a percentage of kills in entire the game.
 B = Kills by you in this place as a percentage of kills by you in the entire game.
 C = Kills by friends in this place as a percentage of kills by friends in the entire game.
 D = Other kills in this place as a percentage of other kills in the entire game.
 E = Experience gained in this place as a percentage of experience gained in the entire game.
 F = Experience gained in this place divided by the number of levels of this place that you have seen.
                   A       B       C       D       E      F
               +-------+-------+-------+-------+-------+----------------------
         Total | 100.0 | 100.0 |   N/A |   N/A | 100.0 |  47.3
       Dungeon | 100.0 | 100.0 |   N/A |   N/A | 100.0 |  47.3
               +-------+-------+-------+-------+-------+----------------------

Table legend: (Time is in decaauts)
 A = Elapsed time spent in this place.
 B = Non-inter-level travel time spent in this place.
 C = Inter-level travel time spent in this place.
 D = Time resting spent in this place.
 E = Time spent auto-exploring this place.
 F = Levels seen in this place.
 G = Mean time per level.
                   A        B        C        D        E       F      G
               +--------+--------+--------+--------+--------+-----+--------+
         Total |   2284 |   2137 |    147 |    151 |   1537 |   3 |  761.3 |
       Dungeon |   2284 |   2137 |    147 |    151 |   1537 |   3 |  761.3 |
               +--------+--------+--------+--------+--------+-----+--------+

Top non-repeatable levels by time:
     D:2: 1141 daAuts
     D:1: 820 daAuts
     D:3: 322 daAuts
